 Dungeon Crawl Stone Soup version 0.30-a0-1074-g5db6f66fbb (webtiles) character file.

Game seed: 12701106051696292092

43 Arzdou the Caller (level 3, 0/26 HPs)
             Began as a Hill Orc Summoner on Apr 13, 2023.
             Slain by an adder (3 damage)
             ... on level 3 of the Dungeon.
             The game lasted 00:05:13 (1666 turns).

Arzdou the Caller (Hill Orc Summoner)               Turns: 1666, Time: 00:05:14

Health: 0/26       AC:  2    Str: 10    XL:     3   Next: 58%
Magic:  6/6        EV: 12    Int: 17    God:
Gold:   95         SH:  0    Dex: 11    Spells: 2/6 levels left

rFire   . . .      SeeInvis .    c - +0 hand axe
rCold   . . .      Faith    .    (no shield)
rNeg    . . .      Spirit   .    a - +0 robe
rPois   .          Reflect  .    (no helmet)
rElec   .          Rampage  .    (no cloak)
rCorr   .                        (no gloves)
Will    .....                    (no boots)
Stlth   ++                       (no amulet)
HPRegen 0.24/turn                (no ring)
MPRegen 0.10/turn                (no ring)

@: mighty, lethally poisoned (0 -> -12)
A: no striking features
a: no special abilities


You were on level 3 of the Dungeon.
You visited 1 branch of the dungeon, and saw 3 of its levels.

You collected 95 gold pieces.

Inventory:

Hand Weapons
 c - a +0 hand axe (weapon)
Armour
 a - a +0 robe (worn)
 i - a +4 ring mail
Magical Staves
 m - a staff of fire
Jewellery
 q - an amulet of guardian spirit
 s - a ring of protection from cold
Scrolls
 e - a scroll of vulnerability {unknown}
 f - 2 scrolls of fog {unknown}
 g - 2 scrolls of identify {unknown}
 h - a scroll of enchant weapon {unknown}
 j - a scroll of teleportation {unknown}
 o - a scroll of poison {unknown}
 r - a scroll of fear {unknown}
 u - a scroll of blinking {unknown}
Potions
 b - a potion of magic
 d - 2 potions of might
 k - a potion of mutation {unknown}
 l - a potion of lignification {unknown}
 n - 2 potions of brilliance {unknown}
 p - a potion of haste {unknown}
 t - a potion of cancellation {unknown}
 v - a potion of curing {unknown}


   Skills:
 * Level 1.1 Axes
 + Level 0.2 Armour
 + Level 1.6 Dodging
 + Level 1.6 Stealth
 + Level 2.1 Spellcasting
 * Level 4.6 Summonings


You had 2 spell levels left.
You knew the following spells:

 Your Spells              Type           Power      Damage    Failure   Level
a - Summon Small Mammal   Summ           68%        N/A       3%          1
b - Call Canine Familiar  Summ           17%        N/A       9%          3

Your spell library contained the following spells:

 Spells                   Type           Power      Damage    Failure   Level
 Call Imp                 Summ           34%        N/A       4%          2
 Kiss of Death            Conj/Necr      4%         2d5       19%         1
 Summon Guardian Golem    Hex/Summ       9%         N/A       22%         3
 Confusing Touch          Hex            1%         N/A       50%         3
 Summon Lightning Spire   Summ/Air       9%         N/A       58%         4
 Dispel Undead            Necr           1%         3d6       88%         4


Dungeon Overview and Level Annotations

Branches:
Dungeon (3/15)

Altars:

Annotations:
D:2 Sigmund


Message History

The bat barely misses you.
You barely miss the bat. The bat hits you. The bat barely misses you.
You hit the bat.
The bat is heavily wounded.
The bat hits you but does no damage. x2
You hit the bat.
You kill the bat!
No target in view!
u - a scroll labelled QOASAR YREJA Your quokka disappears in a puff of smoke!
v - a smoky blue potion An adder comes into view.
The adder hisses angrily.
The adder bites you but does no damage.
You barely miss the adder. The adder bites you.
You are poisoned.
The adder poisons you!
You hit the adder.
The adder is lightly wounded.
You feel very sick. The adder bites you. x2
You are more poisoned.
The adder poisons you!
You are too injured to fight recklessly!
You feel sick. The adder bites you.
You are lethally poisoned!
The adder poisons you! The adder attacks as you move away!
The adder barely misses you.
* * * LOW HITPOINT WARNING * * *
You feel very sick. The adder bites you.
* * * LOW HITPOINT WARNING * * *
You are more poisoned.
The adder poisons you!
It was a potion of might.
You feel very mighty all of a sudden.
* * * LOW HITPOINT WARNING * * *
You feel very sick. The adder bites you.
You die...

####################
................@S.#
##################.#
# .... # ##.### #
#.. # ### # # #


You could see an adder.

Vanquished Creatures
  An orc (D:3)
  3 bats
  2 endoplasms
  3 goblins (D:1)
  2 quokkas (D:1)
  2 ball pythons
  3 frilled lizards
  3 kobolds
  3 rats
22 creatures vanquished.

Vanquished Creatures (collateral kills)
  4 ball pythons
  3 endoplasms
  A giant cockroach (D:1)
  2 goblins
  4 jackals (D:1)
  A bat (D:3)
  2 frilled lizards (D:1)
17 creatures vanquished.

Grand Total: 39 creatures vanquished

Notes
Turn   | Place    | Note
-------+----------+-------------------------------------------
     0 | D:1      | Arzdou the Hill Orc Summoner began the quest for the Orb.
     0 | D:1      | Reached XP level 1. HP: 14/14 MP: 3/3
   192 | D:1      | Reached XP level 2. HP: 19/20 MP: 0/4
   608 | D:1      | Reached XP level 3. HP: 26/26 MP: 5/5
   612 | D:1      | Learned a level 3 spell: Call Canine Familiar
  1317 | D:2      | Noticed Sigmund
  1556 | D:3      | Reached skill level 1 in Axes
  1666 | D:3      | Slain by an adder

Illustrated notes

Levels and vault maps discovered:
D:1:      psy_arrival_terrarium, layout_basic, serial_bayou_pond_e
D:2:      layout_rooms, serial_shops, shop, uniq_sigmund
D:3:      layout_loops_ring

Skill      XL: |  1  2  3 |
---------------+----------+-----
Spellcasting   | 2 |  2.1
Axes           | 1 |  1.1
Armour         | |  0.2
Dodging        | |  1.6
Stealth        | |  1.6
Summonings     | |  4.6

Action                     || total
---------------------------++-------
  Melee: Hand axe          ||    67
   Cast: Summon Small Mamm ||    54
    Use: Potion            ||     1
   Stab: Sleeping          ||     1
 Armour: Robe              ||    18
         Ring mail         ||    13
  Dodge: Dodged            ||    42

Table legend: (Time is in decaauts)
 A = Elapsed time spent in this place.
 B = Non-inter-level travel time spent in this place.
 C = Inter-level travel time spent in this place.
 D = Time resting spent in this place.
 E = Time spent auto-exploring this place.
 F = Levels seen in this place.
 G = Mean time per level.
                   A        B        C        D        E       F      G
               +--------+--------+--------+--------+--------+-----+--------+
         Total |   1685 |   1624 |     61 |      0 |   1283 |   3 |  561.7 |
       Dungeon |   1685 |   1624 |     61 |      0 |   1283 |   3 |  561.7 |
               +--------+--------+--------+--------+--------+-----+--------+

Top non-repeatable levels by time:
     D:1: 1261 daAuts
     D:3: 305 daAuts
     D:2: 118 daAuts
